 Dungeon Crawl Stone Soup version 0.30.1-4-g462c640d31 (webtiles) character file.

Game seed: 13830127710488529519

298 Kurtz the Chopper (level 6, -6/55 HPs)
             Began as a Tengu Fighter on Sept 16, 2023.
             Was an Initiate of Okawaru.
             Mangled by Menkaure (16 damage)
             ... on level 4 of the Dungeon.
             The game lasted 00:04:23 (3007 turns).

Kurtz the Chopper (Tengu Fighter)                   Turns: 3007, Time: 00:04:23

Health: -6/55      AC: 23    Str: 18    XL:     6   Next: 36%
Magic:  7/7        EV:  2    Int:  9    God:    Okawaru [......]
Gold:   214        SH:  4    Dex: 13    Spells: 5/5 levels left

rFire   . . .        a - +0 war axe
rCold   . . .        c - +0 buckler
rNeg    . . .        o - melded +0 chain mail
rPois   +            (helmet currently unavailable)
rElec   .            (cloak currently unavailable)
rCorr   .            (gloves currently unavailable)
SInv    .            (boots unavailable)
Will    .....        (no amulet)
Stlth   +            (no ring)
HPRegen 0.29/turn    (no ring)
MPRegen 0.10/turn

%: no passive effects
@: tree-form
A: stationary, stasis, torment immunity, boosted hp, (beak), (talons 3), nimble
flight
a: Renounce Religion


You were on level 4 of the Dungeon.
You worshipped Okawaru.
Okawaru was noncommittal.
You were a tree.
You visited 1 branch of the dungeon, and saw 4 of its levels.
You also visited: Sewer.

You collected 214 gold pieces.

Inventory:

Hand Weapons
 a - a +0 war axe (weapon)
Armour
 b - a +0 scale mail
 c - a +0 buckler (worn)
 o - a +0 chain mail (melded)
Scrolls
 f - 2 scrolls of vulnerability
 g - a scroll of blinking
 i - 2 scrolls of torment
 j - a scroll of teleportation
 m - 2 scrolls of silence
 n - a scroll of poison
 p - 2 scrolls of fear
 q - a scroll of amnesia {unknown}
 s - a scroll of enchant armour {unknown}
 u - 2 scrolls of fog {unknown}
Potions
 d - a potion of might
 e - a potion of flight {unknown}
 h - a potion of curing {unknown}
 k - 2 potions of heal wounds {unknown}
 l - 2 potions of lignification
 r - a potion of magic
 t - a potion of attraction {unknown}
 v - a potion of cancellation {unknown}


   Skills:
 - Level 3.0 Fighting
 * Level 7.2 Axes
 - Level 3.2 Armour
 - Level 3.0 Shields


You had 5 spell levels left.
You didn't know any spells.
Your spell library contained the following spells:

 Spells                   Type           Power      Damage    Failure   Level
 Kiss of Death            Conj/Necr      0%         2d5       45%         1
 Sting                    Tmut/Pois      0%         1d3       45%         1
 Poisonous Vapours        Pois/Air       0%         N/A       61%         2
 Confusing Touch          Hex            0%         N/A       83%         3
 Dispel Undead            Necr           0%         3d6       99%         4
 Olgreb's Toxic Radiance  Pois           0%         N/A       99%         4


Dungeon Overview and Level Annotations

Branches:
Dungeon (4/15)              Sewer (visited)
 Temple: D:4-7

Altars:
Okawaru
Qazlal

Annotations:
D:4 Menkaure


Innate Abilities, Weirdness & Mutations

You are a tree.
Your roots penetrate the ground, keeping you stationary.
You cannot be teleported.
You are immune to unholy pain and torment.
Your maximum health is greatly increased.
Your equipment is partially melded.
((You have a beak for a mouth.))
((You have claws for feet.))
Your magical nature lets you fly swiftly and evasively.


Message History

There are monsters nearby!
There are monsters nearby!
The jelly hits you but does no damage.
You slash the jelly!
Your hands burn!
The jelly is severely wounded.
You block the jelly's attack.
You slash the jelly!
You kill the jelly!
Okawaru accepts your kill.
You hit Menkaure but do no damage. You claw Menkaure.
Your peck misses Menkaure.
Menkaure is lightly damaged.
Menkaure hits you but does no damage.
You hit Menkaure.
Menkaure is moderately damaged.
Menkaure hits you.
You slash Menkaure!
Menkaure is severely damaged.
Menkaure calls on the powers of darkness!
Your body is wracked with pain!
You hit Menkaure. Your peck misses Menkaure.
Menkaure is severely damaged.
Menkaure hits you!
* * * LOW HITPOINT WARNING * * *
You closely miss Menkaure.
Menkaure is severely damaged.
Menkaure hits you but does no damage.
Unknown command.
Really quaff the potion of lignification? [Y]es or [N]o only, please.
Really quaff the potion of lignification? [Y]es or [N]o only, please.
Really quaff the potion of lignification?
You turn into a tree.
Your +0 chain mail melds into your body.
Your roots penetrate the ground.
You hit Menkaure.
Menkaure is severely damaged.
Menkaure hits you!
You die...

#.... #...
#.........
#....##...
######....
#........# #....
....M....# #....
.........# #....
.........+ #####
##+##..# # #
#..##M.###.## #
#...♣........ #
#............ #
+............ #
#............ #
#####'###..###.#####
#### ##..##.# #..#
.###.###..# #......#
..... .#.......#
#......# ......
#.......# #######'#
.############'##


You could see Menkaure.

Vanquished Creatures
  A hound (D:4)
  A jelly (D:4)
  Ijyb (D:4)
  An orc wizard (D:3)
  A hell rat (Sewer)
  5 adders
  3 river rats (Sewer)
  A dart slug (D:4)
  3 worms
  8 orcs (D:3)
  A ball python (D:2)
  8 endoplasms
  4 giant cockroaches
  6 goblins
  5 hobgoblins
  3 jackals (D:2)
  3 quokkas
  5 bats
  5 frilled lizards
  5 kobolds
  12 rats
82 creatures vanquished.

Notes
Turn   | Place    | Note
-------+----------+-------------------------------------------
     0 | D:1      | Kurtz the Tengu Fighter began the quest for the Orb.
     0 | D:1      | Reached XP level 1. HP: 14/14 MP: 2/2
   127 | D:1      | Reached skill level 3 in Axes
   127 | D:1      | Reached XP level 2. HP: 19/19 MP: 3/3
   646 | D:2      | Reached XP level 3. HP: 13/23 MP: 4/4
   761 | D:2      | Reached skill level 4 in Axes
   867 | D:2      | Found a faded altar of an unknown god.
  1217 | D:3      | Found a stormy altar of Qazlal.
  1259 | D:3      | Reached XP level 4. HP: 23/28 MP: 5/5
  1578 | D:3      | Reached skill level 5 in Axes
  1767 | D:3      | Gained mutation: Your magical nature lets you fly swiftly
                  | and evasively. [Tengu growth]
  1767 | D:3      | Reached XP level 5. HP: 32/32 MP: 6/6
  1803 | D:3      | Found a glowing drain.
  1808 | Sewer    | Entered a sewer
  1890 | Sewer    | Reached skill level 6 in Axes
  2202 | D:3      | Identified the +1 robe of Space {rPois Regen+ Str+2 Int+2}
  2249 | D:3      | Found an iron altar of Okawaru.
  2261 | D:3      | Became a worshipper of Warmaster Okawaru
  2645 | D:4      | Reached XP level 6. HP: 33/37 MP: 7/7
  2698 | D:4      | Noticed Ijyb
  2706 | D:4      | Killed Ijyb
  2941 | D:4      | Reached skill level 7 in Axes
  2994 | D:4      | Noticed Menkaure
  3007 | D:4      | Mangled by Menkaure

Illustrated notes

Levels and vault maps discovered:
D:1:      onia_arrival_pentagram, layout_basic
D:2:      layout_rooms, ebering_ecumenical_altar_webs, nrook_campfire
D:3:      layout_loops_corners, okawaru_metal_pillars_1_2,
          mainiacjoe_overflow_boulevard, gup_sewer_entry_spiral
D:4:      cheibrodos_helix_gallery, layout_gridville, uniq_ijyb, uniq_menkaure

Skill      XL: |  1  2  3  4  5  6 |
---------------+-------------------+-----
Axes           | 3 4 5 6 7 |  7.2
Fighting       | |  3.0
Armour         | |  3.2
Shields        | |  3.0

Action                     |  1- 3 |  4- 6 || total
---------------------------+-------+-------++-------
  Melee: War axe           |    77 |   117 ||   194
         Kick              |    19 |    25 ||    44
         Peck              |     9 |     9 ||    18
    Use: Scroll            |       |     8 ||     8
         Potion            |       |     2 ||     2
 Armour: Scale mail        |    41 |     4 ||    45
         Chain mail        |       |    39 ||    39
  Dodge: Dodged            |    32 |    34 ||    66
  Block: Buckler           |    23 |    18 ||    41
